 Dungeon Sprint DCSS version 0.21-a0-258-g4c0eb85 (webtiles) character file.

1540 Kidiri the Thaumaturge (level 8, 0/49 HPs)
             Began as a Deep Elf Fire Elementalist on Sept 6, 2017.
             Was a High Priest of Vehumet.
             Slain by a shadow wraith (16 damage)
             ... in the Dungeon (Sprint VII: "The Pits").
             The game lasted 00:05:50 (1029 turns).

Kidiri the Thaumaturge (Deep Elf Fire Elementalist) Turns: 1029, Time: 00:05:51

Health: 0/49       AC:  2    Str:  5    XL:     8   Next: 56%
Magic:  2/26       EV: 17    Int: 23    God:    Vehumet [*****.]
Gold:   0          SH:  0    Dex: 15    Spells: 6/32 levels left

rFire    . . .     SeeInvis .   j - +2 dagger (speed)
rCold    . . .     Gourm    .   (no shield)
rNeg     . . .     Faith    .   a - +0 robe
rPois    .         Spirit   .   (no helmet)
rElec    .         Reflect  .   (no cloak)
rCorr    .         Harm     .   (no gloves)
MR       .....     NoTele   +   (no boots)
Stlth    ++........             (no amulet)
HPRegen  0.16/turn              (no ring)
MPRegen  0.20/turn              (no ring)

@: slowed, very slow
A: no striking features
a: Renounce Religion


You were in the Dungeon.
You worshipped Vehumet.
Vehumet was extremely pleased with you.
You were not hungry.

You visited 1 branch

Inventory:

Hand Weapons
 j - a +2 dagger of speed (weapon)
Armour
 a - a +0 robe (worn)
 r - a +0 animal skin
Scrolls
 i - a scroll of blinking
 l - 3 scrolls of remove curse
 m - 5 scrolls of amnesia
 n - a scroll of summoning
Potions
 d - 6 potions of curing
 e - 4 potions of heal wounds
 f - a potion of haste
 g - 3 potions of magic
 h - 3 potions of berserk rage
 k - 2 potions of invisibility
Books
 b - a book of Flames

   Spells                             Type                      Level
   a - Flame Tongue                   Conjuration/Fire             1
   b - Throw Flame                    Conjuration/Fire             2
   c - Conjure Flame                  Conjuration/Fire             3
   d - Inner Flame                    Hexes/Fire                   3
   e - Sticky Flame                   Conjuration/Fire             4
   f - Fireball                       Conjuration/Fire             5
Comestibles
 c - 8 bread rations
 o - 40 fruits
 p - 7 meat rations
 q - 6 chunks of flesh


   Skills:
 + Level 5.0 Fighting
 + Level 6.0 Short Blades
 + Level 5.0 Armour
 + Level 7.9 Dodging
 - Level 2.4 Stealth
 * Level 12.7 Spellcasting
 + Level 7.4 Conjurations
 + Level 8.1 Fire Magic
 + Level 4.1 Ice Magic
 + Level 4.0 Earth Magic


You had 6 spell levels left.
You knew the following spells:

 Your Spells              Type           Power        Failure   Level  Hunger
a - Flame Tongue          Conj/Fire      #####        1%          1    None
b - Throw Flame           Conj/Fire      ######       1%          2    None
c - Conjure Flame         Conj/Fire      ######..     1%          3    None
d - Inner Flame           Hex/Fire       ####....     1%          3    None
e - Sticky Flame          Conj/Fire      ######..     1%          4    None
f - Fireball              Conj/Fire      ######....   1%          5    ###....
g - Throw Frost           Conj/Ice       #####.       1%          2    None
h - Stone Arrow           Conj/Erth      #####.       1%          3    None
i - Ignite Poison         Fire/Tmut/Pois ####....     1%          3    None


Dungeon Overview and Level Annotations

Branches:
Dungeon (1/1)

Altars:
Ashenzari
Cheibriados
Dithmenos
Elyvilon
Fedhas
Gozag
Hepliaklqana
Kikubaaqudgha
Makhleb
Nemelex Xobeh
Okawaru
Qazlal
Ru
Sif Muna
Trog
Uskayaw
Vehumet
Wu Jian
Xom
Yredelemnul
Zin
The Shining One
Beogh
Jiyva
Lugonu


Message History

The sticky flame hits something.
Something hits you!!
* * * LOW HITPOINT WARNING * * *
Deactivating autopickup; reactivate with Ctrl-A.
You feel much better. Something hits you!
Casting: Sticky Flame
Confirm with . or Enter, or press ? or * to list all spells.
Okay, then.
Unknown command.
Casting: Sticky Flame
Confirm with . or Enter, or press ? or * to list all spells.
Aiming: Flame Tongue
Press: ? - help, Shift-Dir - straight line The flame tongue hits something.
Something hits you! Something drains your vigour!
You feel yourself slow down.
Casting: Flame Tongue
Confirm with . or Enter, or press ? or * to list all spells.
Aiming: Flame Tongue
Press: ? - help, Shift-Dir - straight line The flame tongue hits something.
Something hits you!
You die...

#.#####+#####...<...#
#.#...)))[.##.......#
#.#...)))[.##.......#
#'###########.......#
#)......#..##########
#))#.#..#)## ###
#.##.##.#[# ...#
#.......#+#....#
#.##.##.#@{....+
#..#.#..#+#....#
#.......+รท# ...#
########### ###


There were no monsters in sight!

Vanquished Creatures
  Pikel (D)
  A hippogriff (D)
  A flying skull (D)
  A fire bat (D)
  2 hungry ghosts (D)
  An acid dragon (D)
  A porcupine (D)
  A slave (D)
  A quasit (D)
  An orc wizard (D)
  2 orc priests (D)
  A worker ant (D)
  A gnoll (D)
  A river rat (D)
  An adder skeleton (D)
  An adder zombie (D)
  A leopard gecko (D)
  3 orcs (D)
  A ball python (D)
  A giant cockroach (D)
  4 jackals (D)
  A kobold (D)
  A quokka (D)
30 creatures vanquished.

Vanquished Creatures (others)
  A slave (D)
1 creature vanquished.

Grand Total: 31 creatures vanquished

Notes
Turn   | Place    | Note
-------+----------+-------------------------------------------
     0 | D        | Kidiri the Deep Elf Fire Elementalist began the quest for the Orb.
     0 | D        | Reached XP level 1. HP: 10/10 MP: 6/6
    12 | D        | Noticed a worker ant
    17 | D        | Killed a worker ant
    17 | D        | Reached skill level 6 in Spellcasting
    17 | D        | Reached XP level 2. HP: 8/15 MP: 1/11
   100 | D        | Learned a level 2 spell: Throw Flame
   132 | D        | Found a bloodstained altar of Trog.
   132 | D        | Found a deep blue altar of Sif Muna.
   132 | D        | Found a viscous altar of Jiyva.
   132 | D        | Found a hazy altar of Hepliaklqana.
   132 | D        | Found an opulent altar of Gozag.
   133 | D        | Found a glowing golden altar of the Shining One.
   133 | D        | Found a glowing silver altar of Zin.
   133 | D        | Found a basalt altar of Yredelemnul.
   133 | D        | Found a shimmering altar of Xom.
   133 | D        | Found an ornate altar of the Wu Jian Council.
   133 | D        | Found a sacrificial altar of Ru.
   133 | D        | Found a stormy altar of Qazlal.
   133 | D        | Found an iron altar of Okawaru.
   133 | D        | Found a sparkling altar of Nemelex Xobeh.
   133 | D        | Found a burning altar of Makhleb.
   133 | D        | Found a blossoming altar of Fedhas.
   133 | D        | Found a white marble altar of Elyvilon.
   133 | D        | Found a shadowy altar of Dithmenos.
   133 | D        | Found a snail-covered altar of Cheibriados.
   135 | D        | Found a radiant altar of Vehumet.
   135 | D        | Found a corrupted altar of Lugonu.
   135 | D        | Found a roughly hewn altar of Beogh.
   136 | D        | Found a hide-covered altar of Uskayaw.
   136 | D        | Found an ancient bone altar of Kikubaaqudgha.
   136 | D        | Found a shattered altar of Ashenzari.
   143 | D        | Became a worshipper of Vehumet
   170 | D        | Reached * piety under Vehumet
   170 | D        | Offered knowledge of Sandblast by Vehumet.
   170 | D        | Reached XP level 3. HP: 20/20 MP: 6/12
   175 | D        | Learned a level 3 spell: Conjure Flame
   179 | D        | Learned a level 3 spell: Inner Flame
   285 | D        | Reached ** piety under Vehumet
   285 | D        | Reached skill level 1 in Fighting
   291 | D        | Reached skill level 1 in Short Blades
   291 | D        | Reached *** piety under Vehumet
   299 | D        | Reached skill level 1 in Armour
   401 | D        | Offered knowledge of Throw Frost by Vehumet.
   401 | D        | Reached skill level 7 in Spellcasting
   401 | D        | Reached skill level 5 in Fire Magic
   401 | D        | Reached XP level 4. HP: 25/25 MP: 8/15
   402 | D        | Noticed a hungry ghost
   403 | D        | Noticed a hungry ghost
   407 | D        | Learned a level 4 spell: Sticky Flame
   412 | D        | Noticed a porcupine
   473 | D        | Killed a hungry ghost
   473 | D        | Reached skill level 9 in Spellcasting
   473 | D        | Reached XP level 5. HP: 30/31 MP: 5/18
   480 | D        | Killed a porcupine
   480 | D        | Reached **** piety under Vehumet
   480 | D        | Reached skill level 5 in Dodging
   480 | D        | Reached skill level 5 in Conjurations
   480 | D        | Reached XP level 6. HP: 35/37 MP: 0/20
   487 | D        | Killed a hungry ghost
   487 | D        | Reached skill level 10 in Spellcasting
   508 | D        | Learned a level 5 spell: Fireball
   511 | D        | Learned a level 2 spell: Throw Frost
   621 | D        | Offered knowledge of Stone Arrow by Vehumet.
   626 | D        | Learned a level 3 spell: Stone Arrow
   636 | D        | Offered knowledge of Ignite Poison by Vehumet.
   636 | D        | Reached ***** piety under Vehumet
   636 | D        | Reached XP level 7. HP: 30/42 MP: 16/23
   639 | D        | Noticed a flying skull
   641 | D        | Learned a level 3 spell: Ignite Poison
   646 | D        | Killed a flying skull
   646 | D        | Offered knowledge of Olgreb's Toxic Radiance by Vehumet.
   646 | D        | Reached skill level 5 in Short Blades
   646 | D        | Reached skill level 11 in Spellcasting
   646 | D        | Reached skill level 1 in Earth Magic
   832 | D        | Offered knowledge of Force Lance by Vehumet.
   837 | D        | Noticed a hippogriff
   842 | D        | Killed a hippogriff
   969 | D        | Noticed a fire bat
   969 | D        | Noticed Pikel
   983 | D        | Killed Pikel
   983 | D        | Reached skill level 12 in Spellcasting
   983 | D        | Reached XP level 8. HP: 48/48 MP: 8/26
  1000 | D        | Reached skill level 5 in Armour
  1020 | D        | Reached skill level 5 in Fighting
  1029 | D        | Slain by a shadow wraith

Vault maps used:
D:        pitsprint

Skill      XL: |  1  2  3  4  5  6  7  8 |
---------------+-------------------------+-----
Spellcasting   | 6 7 9 10 12 | 12.7
Conjurations   | 3 4 5 6 7 |  7.4
Fire Magic     | 4 5 6 7 8 |  8.1
Fighting       | 1 2 3 4 5 |  5.0
Short Blades   | 1 3 4 5 6 |  6.0
Armour         | 1 2 3 4 5 |  5.0
Dodging        | 3 4 5 6 7 |  7.9
Ice Magic      | 3 4 |  4.1
Earth Magic    | 3 4 |  4.0
Stealth        | |  2.4

Action                   |  1- 3 |  4- 6 |  7- 9 || total
-------------------------+-------+-------+-------++-------
Melee: Dagger            |       |       |     4 ||     4
 Cast: Flame Tongue      |    23 |    22 |    20 ||    65
       Conjure Flame     |     3 |     2 |     4 ||     9
       Inner Flame       |     2 |     2 |     2 ||     6
       Sticky Flame      |       |       |     3 ||     3
       Throw Frost       |       |       |     9 ||     9
       Fireball          |       |       |     2 ||     2
       Stone Arrow       |       |       |     1 ||     1
  Use: Potion            |       |       |     3 ||     3
 Stab: Sleeping          |       |       |     1 ||     1
  Eat: Chunk             |       |     2 |     2 ||     4
Armor: Robe              |       |     2 |     4 ||     6
Dodge: Dodged            |     5 |     5 |    24 ||    34

Table legend:
 A = Spawn XP
 B = Non-spawn XP
 C = Spawn XP percentage of total XP
 D = Spawn monster count
 E = Non-spawn monster count
 F = Spawn count percentage of total count
 G = Total turns spent on level
                    A         B        C        D         E        F      G
               +---------+---------+-------+---------+---------+-------+---------
         Total |       0 |    2201 |   0.0 |       0 |      29 |   0.0 |  1029
               +---------+---------+-------+---------+---------+-------+---------
             D |       0 |    2201 |   0.0 |       0 |      29 |   0.0 |  1029
               +---------+---------+-------+---------+---------+-------+---------
